 Dungeon Crawl Stone Soup version 0.20.1-1-g8b1a95d (webtiles) character file.

5248 Lanoc the Protected (level 10, -4/91 HPs)
             Began as a Minotaur Fighter on Dec 8, 2017.
             Was an Elder of Uskayaw.
             Slain by a hornet (5 damage)
             ... on level 9 of the Dungeon.
             The game lasted 00:29:50 (7423 turns).

Lanoc the Protected (Minotaur Fighter)              Turns: 7423, Time: 00:29:52

Health: -4/91      AC: 10    Str: 25    XL:     10   Next: 36%
Magic:  12/12      EV: 15    Int:  5    God:    Uskayaw [****..]
Gold:   560        SH:  0    Dex: 12    Spells: 9/9 levels left

rFire    . . .     SeeInvis .   O - +5 scythe "Finisher" {speed, Str+3}
rCold    . . .     Gourm    .   (shield currently unavailable)
rNeg     . . .     Faith    .   o - +0 troll leather armour
rPois    +         Spirit   .   (helmet restricted)
rElec    .         Reflect  .   v - +0 cloak
rCorr    .         Harm     .   B - +0 pair of gloves
MR       .....                  (no boots)
Stlth    +.........             (no amulet)
Regen    0.7/turn               r - ring of poison resistance
MPRegen  0.2/turn               b - +2 ring of protection

@: lethally poisoned (-4 -> -4)
A: retaliatory headbutt, horns 2
a: Stomp, Line Pass, Renounce Religion


You were on level 9 of the Dungeon.
You worshipped Uskayaw.
Uskayaw was noncommittal.
You were not hungry.

You visited 2 branches of the dungeon, and saw 10 of its levels.

You collected 560 gold pieces.

Inventory:

Hand Weapons
 a - a +0 long sword
 N - a +0 great sword
 O - the +5 scythe "Finisher" (weapon) {speed, Str+3}
   (You found it on level 8 of the Dungeon)

   Attacks with this weapon are significantly faster.
   It affects your strength (+3).
Missiles
 y - 3 steel tomahawks (quivered)
Armour
 c - a +0 shield
 o - a +0 troll leather armour (worn)
 v - a +0 cloak (worn)
 B - a +0 pair of gloves (worn)
Jewellery
 b - a +2 ring of protection (right hand)
 r - a ring of poison resistance (left hand)
 C - an uncursed ring of wizardry
Wands
 t - a wand of paralysis (12/24)
 G - a wand of iceblast (7/15)
 H - a wand of flame (33/48)
 S - a wand of paralysis (10/24)
Scrolls
 e - 2 scrolls of teleportation
 k - a scroll of immolation {unknown}
 n - 4 scrolls of remove curse
 p - a scroll of enchant weapon {unknown}
 q - 4 scrolls of amnesia {unknown}
 s - a scroll of enchant armour {unknown}
 w - a scroll of fear {unknown}
 E - 2 scrolls of fog {unknown}
 F - a scroll of recharging {unknown}
 K - 3 scrolls of magic mapping {unknown}
 L - a scroll of identify
 P - a scroll of blinking {unknown}
Potions
 d - 2 potions of might
 g - a potion of heal wounds
 h - 2 potions of flight
 i - a potion of invisibility
 l - 2 potions of ambrosia
 m - 3 potions of haste
 u - 2 potions of magic
 x - a potion of resistance {unknown}
 z - 5 potions of curing
 A - a potion of berserk rage {unknown}
 D - a potion of agility
 I - a potion of lignification {unknown}
 J - a potion of cancellation {unknown}
 M - a potion of brilliance {unknown}
Books
 Q - a book of Flames

   Spells                             Type                      Level
   a - Flame Tongue                   Conjuration/Fire             1
   b - Throw Flame                    Conjuration/Fire             2
   c - Conjure Flame                  Conjuration/Fire             3
   d - Inner Flame                    Hexes/Fire                   3
   e - Sticky Flame                   Conjuration/Fire             4
   f - Fireball                       Conjuration/Fire             5
Comestibles
 f - 6 bread rations
 j - a meat ration
 R - 7 chunks of flesh


   Skills:
 + Level 9.0 Fighting
 + Level 8.2 Long Blades
 + Level 9.1 Armour
 + Level 7.2 Dodging
 - Level 7.9 Shields
 + Level 4.3 Invocations


You had 9 spell levels left.
You didn't know any spells.

Dungeon Overview and Level Annotations

Branches:
Dungeon (9/15)             Temple (1/1) D:6
   Lair: D:8-11         Orc: D:9-12

Altars:
Ashenzari
Cheibriados
Dithmenos
Elyvilon
Fedhas
Gozag
Hepliaklqana
Kikubaaqudgha
Makhleb
Nemelex Xobeh
Okawaru
Qazlal
Ru
Sif Muna
Trog
Uskayaw
Vehumet
Xom
Yredelemnul
Zin
The Shining One

Shops:
D:7 *[:=   D:8 *


Innate Abilities, Weirdness & Mutations

You reflexively headbutt those who attack you in melee.
You have a pair of horns on your head.


Message History

Uskayaw will force your foes to share their pain.
You barely miss the hornet. Your headbutt misses the hornet.
The hornet is moderately wounded.
The hornet misses you. The hornet stings you!
* * * LOW HITPOINT WARNING * * *
You feel yourself slow down.
You slash the hornet!
The hornet is severely wounded.
You feel sick. The hornet misses you. You furiously retaliate!
You headbutt the hornet. The hornet closely misses you.
You furiously retaliate!
You headbutt the hornet, but do no damage.
The hornet barely misses you. x2
You closely miss the hornet.
The hornet is severely wounded.
You feel yourself speed up. The hornet stings you!
* * * LOW HITPOINT WARNING * * *
The hornet stings you.
You die...

########### #.........#
#.........# #.........#
#.........# ###########
#.........####..........
#.........'....#########
#....###########
#....##@# ###....#y#
##.##.#.# #.# #.#.# ###
#### ##########
#........#


You could see a hornet.

Vanquished Creatures
  A two-headed ogre (D:9)
  Joseph (D:7)
  2 hornets (D:9)
  Prince Ribbit (D:7)
  3 hippogriffs
  A hungry ghost (D:7)
  Menkaure (D:4)
  A water moccasin (D:9)
  A sky beast (D:7)
  An orc warrior (D:7)
  2 ice beasts
  A hornet zombie (D:7)
  2 phantoms (D:8)
  4 centaurs
  5 bullfrogs
  A wyvern skeleton (D:8)
  A scorpion (D:5)
  3 killer bees (D:7)
  3 howler monkeys
  5 crimson imps
  3 centaur zombies
  3 jellies
  2 hounds
  A centaur skeleton (D:9)
  2 orc priests
  Crazy Yiuf (D:2)
  An iguana (D:6)
  Terence (D:2)
  7 orc wizards
  5 worker ants
  A hound zombie (D:6)
  A hound skeleton (D:8)
  A howler monkey skeleton (D:8)
  9 gnolls
  9 adders
  An adder skeleton (D:5)
  3 worms
  3 dart slugs
  5 leopard geckos
  32 orcs
  2 ball pythons
  9 bats
  7 giant cockroaches
  10 goblins
  9 hobgoblins
  20 jackals
  5 kobolds
  2 quokkas
  3 frilled lizards
  A jackal zombie (D:9)
  A leopard gecko skeleton (D:5)
  A leopard gecko zombie (D:8)
  2 quokka zombies
  8 rats
211 creatures vanquished.

Notes
Turn   | Place    | Note
-------+----------+-------------------------------------------
     0 | D:1      | Lanoc the Minotaur Fighter began the quest for the Orb.
     0 | D:1      | Reached XP level 1. HP: 19/19 MP: 0/0
   123 | D:1      | Reached XP level 2. HP: 21/27 MP: 1/1
   417 | D:1      | Reached skill level 1 in Dodging
   429 | D:1      | Reached XP level 3. HP: 27/33 MP: 2/2
   791 | D:2      | Noticed Terence
   798 | D:2      | Killed Terence
   798 | D:2      | Reached XP level 4. HP: 40/40 MP: 3/3
  1333 | D:2      | Found a runed door.
  1597 | D:2      | Noticed Crazy Yiuf
  1604 | D:2      | Killed Crazy Yiuf
  1604 | D:2      | Reached XP level 5. HP: 47/47 MP: 4/4
  1824 | D:3      | Reached skill level 5 in Fighting
  2111 | D:3      | Reached XP level 6. HP: 55/56 MP: 5/5
  2552 | D:4      | Reached skill level 5 in Armour
  2571 | D:4      | Reached skill level 5 in Shields
  2868 | D:4      | Noticed Menkaure
  2873 | D:4      | Killed Menkaure
  2873 | D:4      | Reached XP level 7. HP: 30/61 MP: 6/6
  3548 | D:5      | Entered Level 5 of the Dungeon
  3817 | D:5      | Reached skill level 5 in Long Blades
  4433 | D:5      | Reached XP level 8. HP: 66/70 MP: 7/7
  4889 | D:6      | Noticed a hippogriff
  4896 | D:6      | Killed a hippogriff
  5031 | D:6      | Reached skill level 5 in Dodging
  5149 | D:6      | Found a staircase to the Ecumenical Temple.
  5189 | Temple   | Entered the Ecumenical Temple
  5292 | Temple   | Became a worshipper of Uskayaw the Reveler
  5459 | D:6      | Reached * piety under Uskayaw
  5461 | D:6      | Reached ** piety under Uskayaw
  5548 | D:6      | Reached skill level 1 in Invocations
  5903 | D:7      | Noticed a hippogriff
  5920 | D:7      | Reached *** piety under Uskayaw
  5922 | D:7      | Reached **** piety under Uskayaw
  5924 | D:7      | Killed a hippogriff
  5926 | D:7      | Reached ***** piety under Uskayaw
  5930 | D:7      | Reached XP level 9. HP: 33/79 MP: 9/9
  6013 | D:7      | Found Juehuxon's Book Boutique.
  6028 | D:7      | Noticed Prince Ribbit
  6047 | D:7      | Killed Prince Ribbit
  6092 | D:7      | Found Cioruyqa's Jewellery Emporium.
  6139 | D:7      | Found Jet Bapn's Antique Armour Shoppe.
  6184 | D:7      | Found a sparkling altar of Nemelex Xobeh.
  6185 | D:7      | Found a white marble altar of Elyvilon.
  6187 | D:7      | Found a burning altar of Makhleb.
  6231 | D:7      | Found Amoodol's Assorted Antiques.
  6408 | D:7      | Noticed Joseph
  6420 | D:7      | Killed Joseph
  6699 | D:8      | Found Hoalip's General Store.
  6960 | D:8      | Reached XP level 10. HP: 90/90 MP: 11/11
  7352 | D:9      | Noticed a two-headed ogre
  7357 | D:9      | Killed a two-headed ogre
  7413 | D:9      | Paralysed by a hornet for 2 turns
  7423 | D:9      | HP: 1/91 [hornet (11)]
  7423 | D:9      | Slain by a hornet

Skill      XL: |  1  2  3  4  5  6  7  8  9 10 |
---------------+-------------------------------+-----
Dodging        | 1 2 3 4 5 6 7 |  7.2
Armour         | 4 5 6 7 8 9 |  9.1
Fighting       | 4 5 6 7 8 9 |  9.0
Shields        | 4 5 6 7 |  7.9
Long Blades    | 3 4 5 6 7 8 |  8.2
Invocations    | 2 3 4 |  4.3

Action                   |  1- 3 |  4- 6 |  7- 9 | 10-12 || total
-------------------------+-------+-------+-------+-------++-------
Melee: Long sword        |    68 |   192 |   289 |       ||   549
       Headbutt          |    13 |    35 |    75 |     7 ||   130
       Scythe            |       |       |     8 |    47 ||    55
Invok: Stomp             |       |       |     1 |     1 ||     2
       Line Pass         |       |       |     1 |       ||     1
  Use: Potion            |       |     1 |       |       ||     1
       Scroll            |       |       |     8 |       ||     8
 Stab: Paralysed         |       |       |     4 |     1 ||     5
       Sleeping          |       |       |     1 |       ||     1
  Eat: Chunk             |       |     5 |    12 |       ||    17
       Fruit             |       |     3 |       |       ||     3
       Meat ration       |       |       |     1 |       ||     1
Armor: Scale mail        |    28 |    70 |    58 |       ||   156
       Troll leather arm |       |       |    41 |    18 ||    59
Dodge: Dodged            |    28 |    86 |   134 |    43 ||   291
Block: Shield            |    38 |   115 |   154 |       ||   307
       Rpst.: Long sword |     9 |    28 |    37 |       ||    74
